Map: Eastwatch LE

Players

SortOf - Winner!

  • Race: Zerg Zerg
  • Spawn Location: 7:00

NightEnD

  • Race: Protoss Protoss
  • Spawn Location: 1:00

Event: WCS Leipzig 2018

VOD

Have the link to the VOD?

Description

Time

  • Played on: Jan. 26, 2018, 9:38 a.m.
  • Length: 6:50

All games in this series

Show
View Real Time Build Order
Export as new Build Order

SortOf Zerg - Winner!

Build Orders: Hatch First 

Get SALT Encoding   

  12  0:00  Drone  
  13  0:13  Overlord  
  13  0:17  Drone  
  14  0:31  Drone x2  
  14  0:35  Drone  
  17  0:51  Hatchery  
  17  0:54  Drone  
  17  1:01  Drone  
  18  1:06  Extractor  
  17  1:14  Spawning Pool  
  17  1:17  Drone  
  17  1:20  Drone  
  18  1:28  Drone  
  19  1:40  Drone  
  20  1:50  Overlord  
  20  2:01  Queen  
  20  2:03  Zergling x4, Queen  
  20  2:06  Metabolic Boost  
  26  2:11  Drone  
  26  2:14  Drone  
  28  2:23  Drone  
  28  2:24  Drone  
  30  2:36  Hatchery  
  29  2:38  Drone  
  29  2:42  Drone  
  31  2:46  Overlord  
  31  2:49  Drone  
  32  2:55  Drone  
  32  2:58  Queen  
  35  3:04  Drone  
  36  3:10  Drone x5  
  41  3:14  Spore Crawler  
  41  3:19  Zergling x2  
  41  3:20  Zergling x2  
  42  3:28  Overlord  
  42  3:29  Drone  
  42  3:41  Overlord  
  42  3:43  Drone  
  42  3:45  Overlord  
  42  3:46  Queen  
  45  3:48  Drone x2  
  45  3:49  Drone  
  45  3:50  Lair  
  45  3:53  Drone  
  50  3:55  Drone  
  50  3:58  Drone  
  50  3:59  Spore Crawler  
  50  4:02  Drone x2  
  52  4:10  Drone x2  
  52  4:12  Extractor x2  
  52  4:15  Drone  
  52  4:16  Drone, Roach Warren  
  53  4:22  Drone x2  
  53  4:23  Drone  
  56  4:25  Queen  
  56  4:30  Spore Crawler  
  57  4:38  Overlord  
  57  4:42  Overlord  
  57  4:43  Queen  
  59  4:49  Drone  
  59  4:50  Overlord  
  60  4:57  Glial Reconstitution  
  60  4:58  Nydus Network  
  59  5:02  Roach, Overlord  
  59  5:05  Overseer  
  61  5:09  Roach  
  61  5:10  Extractor  
  61  5:14  Roach  
  64  5:16  Roach  
  64  5:20  Roach  
  68  5:22  Roach  
  68  5:26  Roach  
  68  5:27  Roach  
  74  5:31  Roach  
  74  5:33  Queen  
  78  5:36  Roach  
  79  5:45  Nydus Canal  
  79  5:48  Roach  
  81  5:50  Roach  
  81  5:51  Overlord  
  81  5:52  Zergling x6  
  81  5:53  Zergling x10  
  81  5:55  Queen  
  93  5:59  Roach  
  95  6:07  Roach  
  97  6:11  Roach  
  97  6:13  Roach  
  97  6:15  Roach x2  
  97  6:17  Nydus Canal  
  101  6:19  Roach  
  101  6:24  Roach x2  
  104  6:26  Roach  
  104  6:27  Zergling x2  
Show
View Real Time Build Order
Export as new Build Order

NightEnD Protoss 

Build Orders: 1 Gate Expand, Oracle Opening, Phoenix Opening 

Get SALT Encoding   

  12  0:00  Probe  
  13  0:12  Probe  
  14  0:20  Pylon  
  14  0:24  Probe  
  15  0:38  Probe (Chrono Boost)  
  15  0:39  Gateway  
  16  0:48  Probe (Chrono Boost)  
  16  0:49  Assimilator  
  17  0:53  Probe (Chrono Boost)  
  18  1:04  Probe  
  19  1:16  Probe  
  20  1:27  Nexus  
  20  1:30  Probe  
  21  1:40  Cybernetics Core  
  21  1:43  Probe  
  22  1:52  Assimilator  
  22  1:54  Pylon  
  22  1:57  Probe  
  23  2:12  Probe (Chrono Boost)  
  23  2:13  Zealot  
  26  2:20  Stargate  
  26  2:24  Probe (Chrono Boost)  
  26  2:29  Warp Gate  
  27  2:32  Probe (Chrono Boost)  
  28  2:39  Probe (Chrono Boost)  
  28  2:42  Probe (Chrono Boost)  
  28  2:43  Adept  
  32  2:49  Probe (Chrono Boost)  
  34  2:51  Probe (Chrono Boost)  
  34  2:58  Probe (Chrono Boost)  
  35  2:59  Probe (Chrono Boost)  
  35  3:05  Probe, Oracle (Chrono Boost)  
  36  3:12  Probe  
  41  3:14  Pylon  
  41  3:18  Probe  
  42  3:21  Pylon  
  42  3:24  Probe  
  42  3:30  Probe  
  42  3:31  Sentry  
  45  3:36  Probe  
  45  3:37  Phoenix (Chrono Boost)  
  48  3:42  Probe  
  48  3:48  Probe, Pylon  
  49  3:50  Assimilator  
  49  3:52  Assimilator  
  49  3:54  Probe  
  51  4:00  Probe  
  52  4:06  Probe, Gateway  
  52  4:07  Gateway  
  53  4:13  Probe  
  53  4:15  Robotics Facility  
  54  4:18  Probe  
  55  4:25  Probe, Twilight Council  
  55  4:28  Forge  
  56  4:37  Probe x2  
  58  4:49  Probe  
  59  4:53  Gateway  
  59  4:54  Gateway  
  59  4:56  Probe  
  59  4:58  Gateway  
  60  5:01  Probe  
  60  5:05  Observer (Chrono Boost)  
  62  5:07  Robotics Bay  
  62  5:08  Pylon  
  62  5:10  Pylon  
  62  5:20  Sentry  
  62  5:21  Probe, Immortal (Chrono Boost)  
  65  5:22  Probe  
  70  5:33  Probe  
  71  5:36  Probe  
  72  5:45  Probe  
  72  5:48  Probe  
  74  5:51  Stalker x3  
  80  5:58  Shield Battery x2  
  79  6:06  Stalker  
  79  6:07  Stalker x2  
  83  6:20  Stalker x2  
  85  6:29  Zealot  
  85  6:31  Stalker x2  
  85  6:32  Pylon x2  
  84  6:33  Stalker  
  78  6:43  Stalker  
  78  6:45  Zealot  
Tags
 
Add a new tag
Caveats
  • Supply blocks, unpowered buildings, or Contaminate may cause inaccurate times.
  • Supply counts are checked every 10 seconds.